[Event "French-ch U16-U18 2024"]
[Site "Agen"]
[Date "2024.04.15"]
[Round "3.9"]
[White "Trevisiol, Antoine"]
[Black "Brion Lacherest, Nathan"]
[Result "1-0"]
[ECO "D35"]
[WhiteElo "2235"]
[BlackElo "1978"]
[Annotator "RC"]
[PlyCount "141"]
[EventDate "2024.04.14"]
[EventType "swiss"]
[EventCountry "FRA"]
[SourceTitle "playchess.com"]
[Source "ChessBase"]
[SourceQuality "1"]
[TimeControl "5400+30"]

1. d4 d5 2. c4 e6 3. Nc3 Be7 4. cxd5 exd5 5. Bf4 c6 6. Qc2 Nf6 7. e3 O-O 8. Bd3 Re8 9. Nge2 Nbd7 10. O-O Nf8 11. Bg3 Ne6 12. f3 g6 13. Rad1 Ng7 14. Kh1 Bd6 15. Bf2 Bb8 16. Bg1 Qe7 17. e4 Be6 18. e5 Nd7 19. f4 f5 20. Na4 Rc8 21. Rc1 a6 22. Nc5 b5 23. a4 Nxc5 24. dxc5 Bd7 25. Ra1 Bc7 26. b4 Ne6 27. Ra2 Qf8 28. Rfa1 Rab8 29. Be3 Kh8 30. g3 Qf7 31. Kg1 Qf8 32. Kf2 Qh6 33. Kg2 Bxe5 34. Bc1 Bf6 35. axb5 axb5 36. Ra7 Nc7 37. R1a3 Qg7 38. Ng1 Qf8 39. Nf3 Ra8 40. Bb2 Rxa7 41. Rxa7 Bxb2 42. Qxb2+ Qg7 43. Ne5 Be8 44. Qa1 Kg8 45. h4 Qe7 46. Qa5 Qd8 47. Qb6 Ne6 48. Bxb5 Qxb6 49. cxb6 cxb5 50. b7 Rb8 51. Ra8 Rxb7 52. Rxe8+ Nf8 53. Rd8 Kg7 54. Rxd5 Ne6 55. Rd6 Nf8 56. Kf3 Rb8 57. Ke3 Ra8 58. Kd4 Ra1 59. Kc5 Rg1 60. Kxb5 Rxg3 61. Kc4 Rg1 62. b5 h6 63. b6 g5 64. hxg5 hxg5 65. fxg5 f4 66. Rd3 Rb1 67. Rb3 Rxb3 68. Kxb3 Nd7 69. Nxd7 f3 70. Nf6 Kg6 71. Ne4 1-0

[Event "French-ch U16-U18 2024"]
[Site "Agen"]
[Date "2024.04.15"]
[Round "3.10"]
[White "Bustos Salinas, Thomas"]
[Black "Boumrar, Ayrad"]
[Result "1/2-1/2"]
[ECO "E51"]
[WhiteElo "1990"]
[BlackElo "2191"]
[Annotator "TA"]
[PlyCount "147"]
[EventDate "2024.04.14"]
[EventType "swiss"]
[EventCountry "FRA"]
[SourceTitle "playchess.com"]
[Source "ChessBase"]
[SourceQuality "1"]
[TimeControl "5400+30"]

1. d4 Nf6 2. c4 e6 3. Nc3 Bb4 4. e3 O-O 5. Bd2 d5 6. Nf3 b6 7. cxd5 exd5 8. Bd3 Ba6 9. Bxa6 Nxa6 10. O-O {[%emt 0:00:40] White has an edge.} Nb8 11. Rc1 Nbd7 12. Nb5 Bxd2 13. Qxd2 c5 14. dxc5 bxc5 15. Nc3 Nb6 16. Rfd1 Qe7 17. Qc2 Rac8 18. Na4 Nxa4 19. Qxa4 Rfd8 20. h3 h6 21. Rc2 Rc7 22. Rcd2 Rcd7 23. Qf4 Ne4 24. Rd3 Rd6 25. b3 Rf6 {[%emt 0:04:09] [#]} (25... Qd7 $11 {keeps the balance.}) 26. Rxd5 $1 $16 Rxf4 27. Rxd8+ Kh7 28. exf4 Qf6 29. R8d7 {[%emt 0:03:15] Re1 would now be deadly.} Qb2 30. Nd2 $1 (30. Rxf7 Qxf2+ 31. Kh1 a5 $11 (31... Ng3+ 32. Kh2 $11)) 30... Nf6 31. Rd3 (31. Rxa7 Qc2 32. Re1 Qxd2 $11) (31. Rxf7 Qxa2 (31... Qc2 32. Re1 $11) 32. Nc4 Qxb3 $11) 31... Qxa2 32. Rc1 Qb2 33. Rxc5 {[%emt 0:00:50] Kh2 is the strong threat.} Ne4 34. Rcd5 (34. Nxe4 $2 Qb1+ 35. Kh2 Qxd3 $19) 34... Nxd2 (34... Qa1+ $11 {and Black stays safe.} 35. Kh2 (35. Nf1 Qe1 $17) 35... Nxf2) 35. Rxd2 $18 Qxb3 $11 {[%emt 0:00:03][%cal Oa7a5][%mdl 4096] Endgame. KQ-KRR} 36. g3 Qb4 37. Rd1 a5 38. Ra1 $1 a4 39. Rd3 g5 $2 {[%emt 0:02:35] [#]} (39... Qb5 40. Rda3 Qh5) 40. fxg5 $1 $18 hxg5 41. Rda3 Kg6 42. Rxa4 Qd2 43. Ra6+ f6 $2 (43... Kg7 44. R6a5 Kg6) 44. Rb1 Qd7 45. Rbb6 Qxh3 46. Rxf6+ Kg7 47. Rg6+ Kf7 48. Rh6 Qc8 49. Ra7+ Kg8 50. Rg6+ Kh8 51. Rb6 (51. Rxg5 Qc1+ 52. Kh2 Qxg5 $11) 51... g4 52. Kh2 Qf8 53. Kg2 Qc8 {[%emt 0:00:55] Prevents Rc7.} 54. Rh6+ Kg8 55. Rhh7 Qc6+ 56. Kg1 {[%emt 0:00:32] White threatens Rag7+ and mate.} Qc1+ {[%emt 0:02:28] [#]} 57. Kh2 $1 Qb2 {[%emt 0:00:29] Prevents Rag7+.} 58. Rhf7 (58. Kg2 $142 Qf6 59. Rhc7 Qf8 60. Re7 Kh8 61. Rf7 Qg8 62. Kh1 Qd8 63. Rh7+ Kg8 64. Rag7+ Kf8 65. Rh8+ (65. Rxg4 Qd1+ 66. Kh2 Qxg4 $17) 65... Kxg7 66. Rxd8) 58... Qb6 59. Rg7+ (59. Rac7 $142 Qd4 60. Rf4) 59... Kh8 60. Kg1 $2 (60. Rh7+ $18 Kg8 61. Rag7+ Kf8 62. Rf7+ (62. Rxg4 Qxf2+ 63. Kh3 Qf1+ 64. Kh2 Qe2+ 65. Kh3 Qf1+ 66. Kh2 Qe2+ 67. Kh3 Qf1+ $11) 62... Kg8 63. Rhg7+ Kh8 64. Rxg4) 60... Qb1+ $11 61. Kg2 {[%emt 0:00:32][%cal Og7e7] Threatening mate with Rge7!} Qe4+ 62. Kh2 {[%emt 0:00:10] Rge7 would kill now.} Qe6 $2 (62... Qh1+ $11 63. Kxh1) 63. Rgc7 Qg8 64. Kg1 Qf8 65. Rcb7 Kg8 66. Rb5 (66. Re7 $142 Kh8 67. Rf7 Qe8 68. Rh7+ Kg8 69. Rag7+ Kf8 70. Rh8+ (70. Rxg4 Qe1+ 71. Kg2 Qc1 $18) 70... Kxg7 71. Rxe8) 66... Qc8 $18 67. Rg5+ Kh8 68. Rh5+ (68. Raa5 $142 Kh7 69. Rh5+ Kg6 70. Rhc5) 68... Kg8 69. Raa5 Qc1+ 70. Kh2 Qc2 71. Rag5+ $2 (71. Raf5 $18 Qe2 72. Rf4) 71... Kf7 $11 {[%emt 0:00:00] The position is equal.} 72. Rf5+ (72. Kg2 $5 Qe4+ $8 73. Kh2 $11) 72... Kg6 $1 73. Rhg5+ Kh6 74. Rh5+ {[%emt 0:01:18] Weighted Error Value: White=0.05 (flawless) /Black=0.36.  Loses game:     	---       	Black=2      Mistake:       	---       	Black=3      Inaccurate:     	White=1     	---        OK:         	White=16    	Black=15     Best:        	White=3     	Black=4      Strong:       	White=4     	Black=1} (74. Kg2 $5 Qe4+ $8 75. Kh2 $11) 1/2-1/2

[Event "French-ch U16-U18 2024"]
[Site "Agen"]
[Date "2024.04.15"]
[Round "3.11"]
[White "Diez, Agathe"]
[Black "Hamm, Gabrielle"]
[Result "1-0"]
[ECO "D13"]
[WhiteElo "1954"]
[BlackElo "1797"]
[Annotator "NA RC"]
[PlyCount "149"]
[EventDate "2024.04.14"]
[EventType "swiss"]
[EventCountry "FRA"]
[SourceTitle "playchess.com"]
[Source "ChessBase"]
[SourceQuality "1"]
[TimeControl "5400+30"]

1. d4 d5 2. c4 c6 3. cxd5 cxd5 4. Nc3 Nf6 5. Bf4 a6 6. Nf3 Nc6 7. h3 e6 8. e3 Bb4 9. Bd3 Ne4 10. Qb3 O-O 11. O-O Nxc3 12. bxc3 Bd6 13. Bxd6 Qxd6 14. e4 Na5 15. Qc2 h6 16. Ne5 b5 17. Rfb1 Nc4 18. Nxc4 dxc4 19. Be2 Bb7 20. a4 Qf4 21. Bf3 f5 22. Re1 fxe4 23. Bxe4 Bd5 24. f3 Rae8 25. axb5 axb5 26. Ra5 Rb8 27. Qb2 Qg3 28. Qe2 Qg5 29. Rb1 Bxe4 30. Qxe4 Rf6 31. Qe5 Qxe5 32. dxe5 Rf5 33. Rbxb5 Rd8 34. Rc5 Rd1+ 35. Kf2 Rd2+ 36. Kf1 Rf4 37. Ra4 Rd5 38. Raxc4 Rxc4 39. Rxc4 Rxe5 40. Re4 Rc5 41. c4 Kf7 42. Ke2 e5 43. Kd3 g5 44. Re2 Kf6 45. g4 Ra5 46. Rc2 Rc5 47. Ra2 Rc6 48. Ra5 Ke6 49. Ra8 Kf6 50. Kc3 Ke6 51. Kb4 Rb6+ 52. Kc5 Rb3 53. Ra6+ Kd7 54. Rxh6 Rxf3 55. Kd5 Rf4 56. Rh7+ Ke8 57. Kxe5 Rxc4 58. Kf6 Rc5 59. Rh8+ Kd7 60. Rh5 Rc6+ 61. Kxg5 Ke7 62. Rh7+ Kf8 63. Kh5 Rc5+ 64. g5 Ra5 65. h4 Rc5 66. Ra7 Kg8 67. Kh6 Rc6+ 68. g6 Rc8 69. h5 Rb8 70. Ra5 Rc8 71. Kg5 Kg7 72. h6+ Kh8 73. h7 Kg7 74. Ra7+ Kh8 75. Kh6 1-0

[Event "French-ch U16-U18 2024"]
[Site "Agen"]
[Date "2024.04.15"]
[Round "3.12"]
[White "Deladerriere, Calypso"]
[Black "Dufeux, Elia"]
[Result "1-0"]
[ECO "B13"]
[WhiteElo "1935"]
[BlackElo "1728"]
[Annotator "NA RC"]
[PlyCount "63"]
[EventDate "2024.04.14"]
[EventType "swiss"]
[EventCountry "FRA"]
[SourceTitle "playchess.com"]
[Source "ChessBase"]
[SourceQuality "1"]
[TimeControl "5400+30"]

1. e4 c6 2. d4 d5 3. exd5 cxd5 4. Nf3 Nc6 5. Ne5 e6 6. Bb5 Bd7 7. Nxd7 Qxd7 8. c3 Nf6 9. O-O Bd6 10. Nd2 O-O 11. Re1 a6 12. Bd3 Qc7 13. Nf3 Rfe8 14. Bg5 Nd7 15. Rc1 Nf8 16. c4 dxc4 17. Bxc4 Qd7 18. d5 exd5 19. Bxd5 Rxe1+ 20. Nxe1 Rc8 21. Nf3 h6 22. Be3 Be7 23. Qb3 Bf6 24. Rd1 Qe7 25. Nd2 Ng6 26. Ne4 Be5 27. Bc5 Qc7 28. Nd6 Bxd6 29. Bxd6 Qd7 30. Qg3 Qf5 31. h3 Qd7 32. Qxg6 1-0

[Event "French-ch U16-U18 2024"]
[Site "Agen"]
[Date "2024.04.15"]
[Round "3.14"]
[White "Milojevic-Daim, Lola-Shaina"]
[Black "Yaghi, leen"]
[Result "1/2-1/2"]
[ECO "A28"]
[WhiteElo "1867"]
[BlackElo "1941"]
[Annotator "NA RC"]
[PlyCount "67"]
[EventDate "2024.04.14"]
[EventType "swiss"]
[EventCountry "FRA"]
[SourceTitle "playchess.com"]
[Source "ChessBase"]
[SourceQuality "1"]
[TimeControl "5400+30"]

1. c4 e5 2. Nc3 Nf6 3. Nf3 Nc6 4. d3 d5 5. cxd5 Nxd5 6. e4 Nb6 7. Be3 Be7 8. d4 exd4 9. Nxd4 Ne5 10. Be2 O-O 11. O-O Nec4 12. Qc1 Nxe3 13. Qxe3 Bc5 14. Rfd1 Qf6 15. e5 Qe7 16. Qe4 Re8 17. Nb3 Be6 18. Nxc5 Qxc5 19. Rac1 Rad8 20. Bd3 g6 21. Nb5 Bf5 22. Rxc5 Bxe4 23. Be2 Rxd1+ 24. Bxd1 Nd7 25. Rxc7 Rxe5 26. Rxd7 Rxb5 27. Bb3 Rf5 28. f3 Bc6 29. Rd4 Kg7 30. Kf2 Re5 31. Bc2 Rb5 32. Bb3 Re5 33. Bc2 Rb5 34. Bb3 1/2-1/2

[Event "French-ch U16-U18 2024"]
[Site "Agen"]
[Date "2024.04.15"]
[Round "3.15"]
[White "Riss, Selenia"]
[Black "Le Coz, Marie Sarah"]
[Result "1/2-1/2"]
[ECO "B31"]
[WhiteElo "1763"]
[BlackElo "1840"]
[Annotator "NA RC"]
[PlyCount "46"]
[EventDate "2024.04.14"]
[EventType "swiss"]
[EventCountry "FRA"]
[SourceTitle "playchess.com"]
[Source "ChessBase"]
[SourceQuality "1"]
[TimeControl "5400+30"]

1. e4 c5 2. Nf3 Nc6 3. Bb5 g6 4. O-O Bg7 5. c3 e5 6. Re1 Nge7 7. Na3 O-O 8. Nc2 a6 9. Bf1 d5 10. exd5 Nxd5 11. d4 cxd4 12. cxd4 Bg4 13. dxe5 Bxf3 14. Qxf3 Nxe5 15. Qb3 Rc8 16. Ne3 Nxe3 17. Bxe3 b5 18. Rad1 Qh4 19. h3 Nc4 20. Bxc4 Qxc4 21. Qxc4 Rxc4 22. b3 Rc2 23. Rd2 Rxd2 1/2-1/2

[Event "French-ch U16-U18 2024"]
[Site "Agen"]
[Date "2024.04.15"]
[Round "3.16"]
[White "Makkar, Rajat"]
[Black "Delaplace, Mathias"]
[Result "1-0"]
[ECO "E68"]
[WhiteElo "2452"]
[BlackElo "2082"]
[Annotator "TA"]
[PlyCount "99"]
[EventDate "2024.04.14"]
[EventType "swiss"]
[EventCountry "FRA"]
[SourceTitle "playchess.com"]
[Source "ChessBase"]
[SourceQuality "1"]
[TimeControl "5400+30"]

1. c4 Nf6 2. g3 g6 3. Bg2 Bg7 4. Nc3 d6 5. d4 O-O 6. Nf3 Bf5 7. Nh4 Bc8 8. Nf3 Bf5 9. Nh4 Bc8 10. O-O e5 11. Nf3 Nbd7 12. e4 b6 13. h3 Bb7 14. d5 Nc5 15. Ne1 {[%emt 0:01:31] White is slightly better.} a5 16. Be3 Nfd7 17. Rc1 f5 18. exf5 gxf5 19. f4 Qe8 20. Rc2 Qg6 21. Kh2 Ba6 22. Ne2 (22. b3 $11) 22... Rae8 $15 23. Nf3 e4 (23... Bf6 $15) 24. Nh4 $1 $14 Qh5 25. Nd4 Qxd1 26. Rxd1 Bxd4 27. Bxd4 Nd3 28. Bf1 N7c5 29. b3 b5 (29... Ra8 $14) 30. cxb5 Bxb5 31. Ng2 (31. Bxc5 $16 dxc5 32. Rdd2) 31... Rb8 $1 $11 (31... Nb4 32. Bxb5 Nxc2 33. Bxc5 dxc5 34. Bxe8 Rxe8 35. Rc1 $14) 32. Ne3 a4 (32... Nb4 $6 33. Rg2 $16) 33. Rg2 axb3 34. axb3 Nxb3 35. Bc3 Nbc5 36. Be2 Bd7 37. Rf1 Kf7 $132 {[%emt 0:02:20][%mdl 2048] Black is not keeping still} 38. g4 Rg8 39. g5 Rb3 40. Bh5+ {[%emt 0:00:47][%mdl 1024] White has compensation. A strong pair of Bishops.} Kf8 41. Bd4 Ra3 {[%emt 0:03:48] Wards off Ra2} 42. Rb1 (42. h4 $14 {stays ahead.}) 42... Rb3 $2 {[%emt 0:01:26][%mdl 8192] [#] Black cannot hold the game after this.} (42... Nxf4 $2 43. Rb8+ $18) (42... Nb3 $17 43. Rxb3 Rxb3) 43. Ra2 $1 $18 {[%emt 0:00:58][%cal Bg2a2,Ba2a8,Ba8h8][%mdl 32] White wants to mate with Ra8+.} Rg6 (43... Rxg5 $2 44. Ra8+ Ke7 45. fxg5) (43... Be8 44. Ra8) 44. Ra8+ Kf7 (44... Be8 $142) 45. Rf1 {[%emt 0:02:12][%cal Oa8h8] Black must now prevent Rh8!} Rb4 46. Bf6 {[%emt 0:00:15][%cal Oa8h8] White threatens Rh8! and mate.} (46. Bxg6+ hxg6 47. Bf6 Rb3 $18) 46... Ra4 47. Rh8 {[%emt 0:00:13] White mates.} (47. Bxg6+ hxg6 48. Rh8 Ra2+ 49. Kg1 Be8 50. Rh7+ Kf8 51. Rxc7 Nb3 $18) 47... Be8 48. Nxf5 Ra2+ 49. Kg3 e3 50. Nh6# {[%emt 0:00:37] Weighted Error Value: White=0.13 (very precise) /Black=0.39.  Loses game:     	---       	Black=1      Mistake:       	White=3     	Black=3      Inaccurate:     	White=1     	Black=4      OK:         	White=11    	Black=12     Best:        	White=3     	Black=3      Strong:       	White=2     	Black=1} 1-0

[Event "French-ch U16-U18 2024"]
[Site "Agen"]
[Date "2024.04.15"]
[Round "3.17"]
[White "Van Den Brande, Norman"]
[Black "Razafindratsima, Timothe"]
[Result "0-1"]
[ECO "A07"]
[WhiteElo "2082"]
[BlackElo "2438"]
[Annotator "TA"]
[PlyCount "58"]
[EventDate "2024.04.14"]
[EventType "swiss"]
[EventCountry "FRA"]
[SourceTitle "playchess.com"]
[Source "ChessBase"]
[SourceQuality "1"]
[TimeControl "5400+30"]

1. Nf3 Nf6 2. g3 e6 3. Bg2 d5 4. O-O Bd6 5. d3 c5 6. Re1 Bc7 7. Nbd2 e5 8. e4 {[%emt 0:01:46] White has an edge.} d4 9. a4 Nc6 10. Nc4 O-O 11. Nfd2 Rb8 12. Nb3 b6 13. f4 exf4 14. gxf4 Be6 15. Bd2 Ne7 16. Qf3 Ng6 17. f5 Bxc4 18. fxg6 Be6 (18... Bxb3 {is more complex.} 19. gxh7+ Kh8 20. cxb3 Nd7) 19. gxh7+ Nxh7 20. Nc1 (20. Rf1 $15) 20... f5 (20... Qh4 $17 21. e5 Nf6) 21. exf5 $2 {[%emt 0:01:48] Loses the game.} (21. Ne2 $1 $11 {and White has nothing to worry.}) 21... Rxf5 $19 ({Weaker is} 21... Bxf5 22. Ne2 $11) 22. Qe4 (22. Qe2 $142 Rf6 23. Be4) 22... Re5 23. Qc6 {[%emt 0:02:57] [#]} (23. Qxe5 Bxe5 24. Rxe5) 23... Bd7 $1 24. Qg6 Qh4 25. Rxe5 Bxe5 26. Bd5+ Kh8 27. Qg2 Bh3 28. Qe4 {[%emt 0:00:54] [#]} Rf8 $1 29. Ne2 (29. Qe2 Bxh2+) 29... Qf2+ {[%emt 0:00:09] Weighted Error Value: White=0.66/Black=0.10 (very precise) .  Loses game:     	White=1     	---        Mistake:       	White=3     	Black=1      Inaccurate:     	White=3     	Black=1      OK:         	White=4     	Black=8      Best:        	---       	Black=1      Strong:       	---       	Black=1} 0-1

[Event "French-ch U16-U18 2024"]
[Site "Agen"]
[Date "2024.04.15"]
[Round "3.18"]
[White "Belkaid, Sohan"]
[Black "Maret, Simon"]
[Result "1-0"]
[ECO "B11"]
[WhiteElo "2412"]
[BlackElo "2063"]
[Annotator "RC"]
[PlyCount "127"]
[EventDate "2024.04.14"]
[EventType "swiss"]
[EventCountry "FRA"]
[SourceTitle "playchess.com"]
[Source "ChessBase"]
[SourceQuality "1"]
[TimeControl "5400+30"]

1. e4 c6 2. Nc3 d5 3. Nf3 dxe4 4. Nxe4 Nf6 5. Qe2 Nxe4 6. Qxe4 Nd7 7. Bc4 Nf6 8. Ne5 e6 9. Qe2 b5 10. Bd3 Qc7 11. a4 Bd6 12. Nxc6 b4 13. Nd4 a6 14. Nf5 Bb7 15. Nxd6+ Qxd6 16. O-O h5 17. Qe3 Rd8 18. f3 h4 19. b3 Rh5 20. Bb2 Nd5 21. Qa7 Rd7 22. Be4 f5 23. Bxd5 Bxd5 24. Qf2 Kf7 25. h3 Rc7 26. d3 Rh8 27. Rae1 Qc5 28. Re2 Qxf2+ 29. Rfxf2 Rhc8 30. Be5 Rc6 31. Bf4 Kf6 32. Be5+ Kf7 33. f4 Rg8 34. Kf1 Rgc8 35. Ke1 Ra8 36. Kd1 Rac8 37. Re3 g6 38. Ree2 Ra8 39. Rd2 Rac8 40. Ke1 Ke8 41. Bf6 Kf7 42. Bxh4 Re8 43. Rfe2 Rec8 44. Kf1 Rg8 45. Bf2 g5 46. fxg5 Rxg5 47. Be3 Rg6 48. Bf4 Rc8 49. Bd6 a5 50. Rf2 Ke8 51. Rf4 Kd7 52. Be5 Rcg8 53. Rd4 Kc6 54. g3 Rh6 55. Rh4 Rxh4 56. gxh4 Rg6 57. Kf2 Rh6 58. Kg3 Kd7 59. Re2 Kc6 60. Bf4 Rh7 61. Bg5 Kd7 62. Kf4 Kd6 63. Bf6 Rh5 64. Re3 1-0

[Event "French-ch U16-U18 2024"]
[Site "Agen"]
[Date "2024.04.15"]
[Round "3.19"]
[White "Morais, Thomas"]
[Black "Bat, Bilguun"]
[Result "0-1"]
[ECO "B90"]
[WhiteElo "2072"]
[BlackElo "2360"]
[Annotator "RC"]
[PlyCount "136"]
[EventDate "2024.04.14"]
[EventType "swiss"]
[EventCountry "FRA"]
[SourceTitle "playchess.com"]
[Source "ChessBase"]
[SourceQuality "1"]
[TimeControl "5400+30"]

1. e4 c5 2. Nf3 d6 3. d4 cxd4 4. Nxd4 Nf6 5. Nc3 a6 6. f3 e5 7. Nb3 Be6 8. Be3 Be7 9. Qd2 h5 10. Nd5 Bxd5 11. exd5 Nbd7 12. O-O-O Qc7 13. c4 a5 14. Kb1 O-O 15. Na1 a4 16. Be2 a3 17. b3 Rfe8 18. Nc2 Bf8 19. Qb4 Qa5 20. Qxa5 Rxa5 21. Bd2 Ra7 22. Be3 Ra5 23. Bd2 Ra7 24. Be3 b6 25. Nb4 g6 26. Nc6 Raa8 27. Rhe1 Kh7 28. Bd3 Bh6 29. Kc2 h4 30. Bf2 Bg5 31. g3 Nh5 32. g4 Nf4 33. Be3 Nh3 34. b4 Bxe3 35. Rxe3 Nf4 36. Kb3 Kh6 37. Rg1 Kg5 38. Be4 Nh3 39. Rge1 f5 40. Bc2 fxg4 41. fxg4 Nf4 42. Nd4 Kh6 43. Nb5 Ng2 44. Nc7 Rec8 45. Nxa8 Rxa8 46. g5+ Kg7 47. Be4 Nxe1 48. Rxe1 Nf8 49. Rg1 Nh7 50. c5 bxc5 51. bxc5 dxc5 52. Kc4 Ra4+ 53. Kd3 Rd4+ 54. Ke3 c4 55. Bf3 Kf7 56. Rg4 Rxg4 57. Bxg4 Nxg5 58. Be2 Ke7 59. Bxc4 Kd6 60. Bd3 e4 61. Ba6 Kxd5 62. Kf4 Ne6+ 63. Ke3 Ke5 64. Bb5 Nd4 65. Be8 g5 66. h3 Nf5+ 67. Ke2 Kf4 68. Bc6 Nd4+ 0-1

[Event "French-ch U16-U18 2024"]
[Site "Agen"]
[Date "2024.04.15"]
[Round "3.20"]
[White "Marche, Nael"]
[Black "Pichon, Ewen"]
[Result "1/2-1/2"]
[ECO "D02"]
[WhiteElo "2057"]
[BlackElo "2252"]
[Annotator "TA"]
[PlyCount "49"]
[EventDate "2024.04.14"]
[EventType "swiss"]
[EventCountry "FRA"]
[SourceTitle "playchess.com"]
[Source "ChessBase"]
[SourceQuality "1"]
[TimeControl "5400+30"]

1. Nf3 d5 2. g3 Nf6 3. Bg2 e6 4. d4 a6 5. O-O c5 6. b3 (6. c4 $14) 6... cxd4 $11 7. Bb2 Bd6 8. Nxd4 {[%emt 0:00:33] The position is equal.} e5 9. Nf3 Nc6 10. Nbd2 O-O 11. e3 Bf5 12. a3 Qe7 13. c4 Bd3 14. Re1 dxc4 15. Nxc4 Bxc4 16. bxc4 Rfd8 17. Qe2 Rac8 18. Nd2 Rc7 19. Red1 Rcc8 20. Nb3 Bb8 21. Bh3 {[%emt 0:04:53] This pair of bishops is nice.} Rxd1+ $1 22. Rxd1 Rd8 23. Bg2 Rc8 24. Qd3 Rd8 25. Qc2 {[%emt 0:31:00] Weighted Error Value: White=0.12 (very precise) /Black=0.09 (flawless) .  Inaccurate:     	White=2     	Black=1      OK:         	White=6     	Black=5      Strong:       	---       	Black=1} 1/2-1/2

[Event "French-ch U16-U18 2024"]
[Site "Agen"]
[Date "2024.04.16"]
[Round "4.1"]
[White "Pereira-Davoine, Alana"]
[Black "Famel, Diane"]
[Result "1-0"]
[ECO "E73"]
[WhiteElo "1780"]
[BlackElo "1888"]
[Annotator "NA RC"]
[PlyCount "117"]
[EventDate "2024.04.14"]
[EventType "swiss"]
[EventCountry "FRA"]
[SourceTitle "playchess.com"]
[Source "ChessBase"]
[SourceQuality "1"]
[TimeControl "5400+30"]

1. d4 Nf6 2. c4 g6 3. Nc3 Bg7 4. e4 d6 5. Be2 O-O 6. h4 e5 7. d5 c6 8. h5 cxd5 9. cxd5 Nbd7 10. h6 Bh8 11. Bg5 Qa5 12. Qd2 Qb4 13. a3 Qd4 14. Nf3 Qxd2+ 15. Nxd2 Nb6 16. a4 a5 17. Be3 Nfd7 18. Nb5 f5 19. f3 Bf6 20. Nxd6 Be7 21. Nb5 fxe4 22. d6 Bd8 23. Nxe4 Nf6 24. Nxf6+ Rxf6 25. Rd1 Be6 26. Nc7 Bxc7 27. dxc7 Nd5 28. Bc4 Nxc7 29. Rd6 Bxc4 30. Rxf6 Nd5 31. Rd6 Nxe3 32. Kf2 Nf5 33. Rd7 Bb3 34. Rxb7 Bxa4 35. Re1 Nd6 36. Rg7+ Kh8 37. Rxe5 Nf5 38. Rb7 Be8 39. g4 Nxh6 40. Ree7 Nf7 41. Kg3 Kg8 42. Ra7 Rxa7 43. Rxa7 a4 44. f4 Nd6 45. Kh4 Nc4 46. Rb7 Ne3 47. Re7 Nc4 48. Rxe8+ Kf7 49. Rb8 a3 50. bxa3 Nxa3 51. Rb7+ Kg8 52. Kg5 Nc2 53. Kf6 h5 54. Kxg6 Kf8 55. gxh5 Ne3 56. h6 Nd5 57. h7 Nxf4+ 58. Kf5 Ng6 59. Kxg6 1-0

[Event "French-ch U16-U18 2024"]
[Site "Agen"]
[Date "2024.04.16"]
[Round "4.2"]
[White "Paralieu, Emma"]
[Black "Lavilledieu, Lily-Mei"]
[Result "1-0"]
[ECO "B10"]
[WhiteElo "1775"]
[BlackElo "1783"]
[Annotator "NA RC"]
[PlyCount "81"]
[EventDate "2024.04.14"]
[EventType "swiss"]
[EventCountry "FRA"]
[SourceTitle "playchess.com"]
[Source "ChessBase"]
[SourceQuality "1"]
[TimeControl "5400+30"]

1. e4 c6 2. Nf3 d5 3. d3 Bg4 4. h3 Bxf3 5. Qxf3 e6 6. g3 Nf6 7. Bg2 Be7 8. O-O Qb6 9. Qe2 O-O 10. c4 Rd8 11. Nd2 dxe4 12. dxe4 c5 13. Nf3 Nc6 14. e5 Nd7 15. Qe4 Qc7 16. Re1 Nf8 17. h4 Rd7 18. h5 Nd4 19. h6 g6 20. Be3 Rad8 21. Bxd4 cxd4 22. b3 Bb4 23. Red1 Bc3 24. Rac1 Qa5 25. Qf4 f5 26. exf6 Re8 27. Ne5 Rf7 28. Nxf7 Kxf7 29. Bxb7 e5 30. Qe4 Qc7 31. Bc6 Rd8 32. Bd5+ Kxf6 33. Rd3 Ke7 34. Rf3 Kd6 35. Rf6+ Kc5 36. Rc6+ Qxc6 37. Bxc6 Bd2 38. Rd1 Bxh6 39. Bb5 Bg7 40. a3 Rd6 41. Qb7 1-0

[Event "French-ch U16-U18 2024"]
[Site "Agen"]
[Date "2024.04.16"]
[Round "4.3"]
[White "Bat, Anu"]
[Black "Sumarriva Paulin, Jade"]
[Result "1-0"]
[ECO "C45"]
[WhiteElo "1887"]
[BlackElo "1780"]
[Annotator "NA RC"]
[PlyCount "45"]
[EventDate "2024.04.14"]
[EventType "swiss"]
[EventCountry "FRA"]
[SourceTitle "playchess.com"]
[Source "ChessBase"]
[SourceQuality "1"]
[TimeControl "5400+30"]

1. e4 e5 2. Nf3 Nc6 3. d4 exd4 4. Nxd4 Bc5 5. Nb3 Bb6 6. Nc3 Nf6 7. Qe2 d6 8. Be3 Qe7 9. O-O-O Be6 10. g3 O-O-O 11. Bg2 Ne5 12. Bxb6 Bc4 13. Qd2 axb6 14. f4 Nc6 15. Nd4 Nxd4 16. Qxd4 Be6 17. e5 Nd7 18. exd6 cxd6 19. Nb5 d5 20. f5 Bxf5 21. Qf4 Nf6 22. Qxf5+ Kb8 23. Qf4+ 1-0

[Event "French-ch U16-U18 2024"]
[Site "Agen"]
[Date "2024.04.16"]
[Round "4.4"]
[White "Chevillon, Manon"]
[Black "Grisoni, Emma"]
[Result "1/2-1/2"]
[ECO "B79"]
[WhiteElo "1737"]
[BlackElo "1704"]
[Annotator "NA RC"]
[PlyCount "166"]
[EventDate "2024.04.14"]
[EventType "swiss"]
[EventCountry "FRA"]
[SourceTitle "playchess.com"]
[Source "ChessBase"]
[SourceQuality "1"]
[TimeControl "5400+30"]

1. e4 c5 2. Nf3 d6 3. d4 cxd4 4. Nxd4 Nf6 5. Nc3 g6 6. Be3 Bg7 7. f3 O-O 8. Qd2 Nc6 9. Be2 Nxd4 10. Bxd4 Be6 11. O-O-O Qa5 12. Kb1 Rfc8 13. a3 Rab8 14. Nd5 Qxd2 15. Rxd2 Nxd5 16. Bxg7 Kxg7 17. exd5 Bd7 18. Re1 Rc7 19. c3 b5 20. Bd3 Kf8 21. Rc1 Rbc8 22. Rdc2 Rc5 23. b4 Rxd5 24. Be4 Re5 25. Kb2 d5 26. Bd3 Re6 27. Rd2 Rd6 28. Bf1 Bc6 29. Re1 Re8 30. f4 Red8 31. Red1 f6 32. Re2 Re8 33. Rde1 Kf7 34. g3 Bd7 35. Re3 a6 36. Bg2 h6 37. h4 Bg4 38. Rd3 Red8 39. Bf3 Bxf3 40. Rxf3 d4 41. cxd4 Rxd4 42. Ree3 Rd2+ 43. Kb3 Rc8 44. Rc3 Rcd8 45. Rfe3 Rd1 46. Re2 Rb1+ 47. Kc2 Rdd1 48. Rce3 Rdc1+ 49. Kd2 Rc7 50. Kd3 Rb3+ 51. Kd2 Rd7+ 52. Kc2 Rxe3 53. Rxe3 Rd5 54. Rc3 g5 55. hxg5 hxg5 56. Rc6 Rd6 57. Rc5 gxf4 58. gxf4 Rd4 59. f5 Rd6 60. Kc3 e6 61. Rc7+ Ke8 62. fxe6 Rxe6 63. Kd4 Kd8 64. Rf7 Ke8 65. Rc7 f5 66. Rc5 Re4+ 67. Kd3 Rf4 68. Ke3 Rc4 69. Rxf5 Rc3+ 70. Kd4 Rxa3 71. Kc5 Ra4 72. Kb6 Ke7 73. Rc5 Kd6 74. Rc6+ Kd5 75. Rc5+ Kd4 76. Rc1 Rxb4 77. Kxa6 Rb2 78. Ka5 b4 79. Ka4 b3 80. Ka3 Rc2 81. Rxc2 bxc2 82. Kb2 Kd3 83. Kc1 Kc3 1/2-1/2